Map: Ley Lines

Players

Yogibear - Winner!

  • Race: Protoss Protoss
  • League: Diamond
  • Spawn Location: 1:00

A.I. 1 (Very Easy)

  • Race: Zerg Zerg
  • Spawn Location: 7:00

VOD

Have the link to the VOD?

Description

Time

  • Played on: Aug. 14, 2025, 2:27 p.m.
  • Length: 6:29
Show
View Real Time Build Order
Export as new Build Order

Yogibear Protoss - Winner!

Build Orders: 1 Gate Expand, Oracle Opening 

Get SALT Encoding   

  12  0:01  Probe  
  13  0:13  Probe  
  14  0:20  Pylon  
  14  0:26  Probe  
  15  0:35  Probe  
  15  0:40  Gateway  
  16  0:43  Probe  
  17  0:50  Assimilator  
  17  0:52  Probe  
  18  1:21  Nexus  
  18  1:33  Cybernetics Core  
  18  1:35  Probe  
  19  1:43  Probe  
  19  1:47  Assimilator  
  19  1:51  Pylon  
  19  1:53  Probe  
  20  1:59  Adept  
  21  2:05  Probe  
  24  2:17  Probe  
  24  2:22  Adept  
  25  2:29  Probe  
  26  2:35  Probe  
  29  2:41  Probe  
  29  2:44  Stargate  
  30  2:47  Probe  
  31  2:51  Adept  
  31  2:53  Probe  
  31  2:57  Warp Gate  
  34  2:59  Probe  
  35  3:05  Probe  
  35  3:11  Probe  
  37  3:17  Probe, Oracle  
  38  3:23  Probe  
  39  3:30  Probe  
  39  3:32  Gateway  
  43  3:35  Probe, Pylon  
  44  3:42  Probe  
  44  3:47  Probe  
  46  3:54  Probe, Oracle  
  50  3:59  Probe  
  50  4:01  Nexus  
  51  4:04  Pylon  
  51  4:06  Probe  
  52  4:11  Probe  
  53  4:18  Probe  
  53  4:23  Probe  
  55  4:30  Probe  
  56  4:35  Probe  
  57  4:41  Twilight Council  
  57  4:42  Probe  
  57  4:43  Forge  
  57  4:45  Assimilator  
  58  4:47  Assimilator  
  58  4:48  Probe  
  58  4:51  Oracle  
  62  4:54  Pylon  
  62  5:12  Probe x2  
  64  5:15  Probe  
  64  5:16  Adept  
  67  5:24  Probe x2  
  67  5:27  Probe, Gateway  
  67  5:28  Gateway  
  70  5:29  Gateway  
  70  5:31  Gateway  
  70  5:32  Gateway  
  70  5:36  Probe x2  
  70  5:39  Probe  
  73  5:48  Probe x2, Stalker x2  
  79  5:51  Probe  
  79  5:53  Shield Battery  
  80  6:00  Probe x2  
  80  6:01  Pylon  
  80  6:03  Probe, Pylon  
  83  6:11  Stalker  
  85  6:18  Pylon  
  85  6:19  Stalker  
  85  6:21  Pylon  
  85  6:23  Pylon  
  85  6:25  Stalker x3  
Show
View Real Time Build Order
Export as new Build Order

A.I. 1 (Very Easy) Zerg 

Build Orders: Pool Only 

Get SALT Encoding   

  12  0:01  Drone  
  13  0:12  Overlord  
  13  0:17  Drone  
  14  0:34  Spawning Pool  
  13  0:37  Drone  
  13  0:41  Extractor  
  13  0:44  Drone  
  14  0:52  Overlord  
  14  1:22  Zergling x2  
  14  1:24  Queen  
  17  1:31  Roach Warren  
  16  1:34  Drone  
  16  1:39  Extractor  
  16  1:43  Drone  
  17  1:52  Zergling x2  
  18  2:02  Drone  
  19  2:09  Drone  
  20  2:17  Drone  
  20  2:21  Zergling x2  
  22  2:28  Overlord  
  22  2:30  Drone  
  23  2:37  Drone  
  24  2:44  Drone  
  24  2:50  Roach  
  27  3:48  Zergling x2  
  27  4:23  Drone  
  26  4:30  Drone  
  24  4:38  Drone  
  24  4:45  Drone  
  25  4:52  Drone  
  26  4:59  Drone  
  27  6:09  Drone  
  22  6:16  Drone  
Tags
 
Add a new tag
Caveats
  • Supply blocks, unpowered buildings, or Contaminate may cause inaccurate times.
  • Supply counts are checked every 10 seconds.